 Dungeon Crawl Stone Soup version 0.29-a0-2-g12fcac58f8 (webtiles) character file.

Game seed: 7154648935065958758

114 ragingrage the Charlatan (level 4, -8/25 HPs)
             Began as a Gargoyle Artificer on Jan 26, 2022.
             Mangled by an ogre (23 damage)
             ... on level 4 of the Dungeon.
             The game lasted 00:02:46 (3178 turns).

ragingrage the Charlatan (Gargoyle Artificer)       Turns: 3178, Time: 00:02:46

Health: -8/25      AC: 11    Str: 18    XL:     4   Next: 97%
Magic:  4/4        EV: 11    Int: 11    God:
Gold:   98         SH:  5    Dex: 16    Spells: 3/3 levels left

rFire   . . .      SeeInvis .   u - +1 hand axe (vorpal)
rCold   + . .      Faith    .   (no shield)
rNeg    + . .      Spirit   .   g - +2 robe {rC+}
rPois   ∞          Reflect  +   s - +2 helmet
rElec   +          Harm     .   (no cloak)
rCorr   .          Rampage  .   h - +0 pair of gloves
Will    +....                   (no boots)
Stlth   ++........              k - amulet of reflection
HPRegen 0.08/turn               m - +6 ring of dexterity
MPRegen 0.09/turn               t - ring of willpower

@: no status effects
A: sickness immunity, AC +3, negative energy resistance 1, electricity
resistance, torment resistance 1, petrification resistance
a: no special abilities


You were on level 4 of the Dungeon.
You visited 1 branch of the dungeon, and saw 4 of its levels.

You collected 98 gold pieces.

Inventory:

Hand Weapons
 b - a +0 hunting sling
 f - a +0 war axe
 u - a +1 vorpal hand axe (weapon)
Missiles
 o - 11 poisoned darts
Armour
 g - a +2 robe of cold resistance (worn)
 h - a +0 pair of gloves (worn)
 s - a +2 helmet (worn)
Jewellery
 k - an amulet of reflection (around neck)
 m - a +6 ring of dexterity (left hand)
 t - a ring of willpower (right hand)
Wands
 c - a wand of flame (43) (quivered)
 d - a wand of charming (15)
Scrolls
 i - 4 scrolls of identify {unknown}
 j - 2 scrolls of teleportation {unknown}
 l - a scroll of amnesia {unknown}
 n - a scroll of enchant weapon {unknown}
 q - a scroll of brand weapon {unknown}
 r - 2 scrolls of enchant armour {unknown}
Potions
 a - 3 potions of curing {unknown}
 p - a potion of mutation {unknown}
 v - a potion of haste
Miscellaneous
 e - a piece from Xom's chessboard (15/15)


   Skills:
 - Level 1.1 Fighting
 + Level 2.6 Axes
 - Level 2.1 Armour
 - Level 0.7 Dodging
 - Level 1.1 Stealth
 + Level 4.0 Evocations


You had 3 spell levels left.
You didn't know any spells.
Your spell library contained the following spells:

 Spells                   Type           Power      Damage    Failure   Level
 Corpse Rot               Necr/Air       0%         N/A       47%         2
 Dispel Undead            Necr           0%         3d6       98%         4
 Death Channel            Necr           0%         N/A       100%        6


Dungeon Overview and Level Annotations

Branches:
Dungeon (4/15)
 Temple: D:4-7

Altars:


Innate Abilities, Weirdness & Mutations

You are immune to sickness and miasma.
Your stone body is resilient. (AC +3)
You are immune to poison.
You resist negative energy. (rN+)
You are resistant to electric shocks. (rElec)
You are resistant to unholy torment.
You are immune to petrification.


Message History

v - a potion of haste An orc comes into view.
It is wielding a +0 whip.
The orc shouts!
You hear a shout!
The orc throws a boomerang.
The boomerang hits you but does no damage.
An orc is nearby!
You start waiting.
An orc is nearby!
An orc comes into view. It is wielding a +0 trident.
The orc moves out of view.
You hit the orc but do no damage. The orc hits you but does no damage.
The orc shouts!
You hit the orc.
The orc is moderately wounded.
The orc closely misses you. The orc hits you but does no damage.
You slash the orc!
You kill the orc!
An ogre comes into view. It is wielding a +0 giant club.
Items here: ( ) [ †.
An orc comes into view. It is wielding a +0 war axe.
The orc misses you.
An orc comes into view.
It is wielding a +0 dagger of electrocution.
The orc shouts!
You hear a shout!
The orc barely misses you. The orc barely misses you.
An orc comes into view. It is wielding a +0 flail.
The orc closely misses you. You block the orc's attack.
The orc closely misses you. The orc hits you with a +0 flail!
The orc closely misses you. The orc barely misses you.
The orc closely misses you. The orc hits you but does no damage.
The orc hits you from afar with a +0 trident.
You block the orc's attack. The orc barely misses you.
The ogre closely misses you.
You hit the orc but do no damage. x2; You hit the ogre but do no damage.
The orc hits you with a +0 dagger of electrocution.
The ogre hits you with a +0 giant club!!
Ouch! That really hurt!
You die...

...#.#.............
.....#.....#...#
...............#
..#.......##...##
...........#....#
#...###.......###
##.# #..#..>.## ##
##oo#...####
##.@o.o..#..##
...#.<.O........#
#.............##
##.#...)......#
#.##(.#...#### #
#...#...##
#........#
####.....# #######


You could see an ogre and 4 orcs.

Vanquished Creatures
  Robin (D:3)
  3 adders
  2 worms
  3 orcs
  4 ball pythons
  4 endoplasms
  6 giant cockroaches
  6 hobgoblins
  2 jackals (D:1)
  2 quokkas (D:1)
  4 bats
  A frilled lizard (D:1)
  11 goblins
  3 kobolds
  8 rats
60 creatures vanquished.

Notes
Turn   | Place    | Note
-------+----------+-------------------------------------------
     0 | D:1      | ragingrage the Gargoyle Artificer began the quest for the
                  | Orb.
     0 | D:1      | Reached XP level 1. HP: 12/12 MP: 1/1
   513 | D:1      | Reached XP level 2. HP: 12/16 MP: 2/2
   597 | D:1      | Reached skill level 3 in Evocations
   610 | D:1      | Reached skill level 1 in Axes
  1136 | D:2      | Reached XP level 3. HP: 14/20 MP: 3/3
  1974 | D:3      | Found a faded altar of an unknown god.
  2051 | D:3      | Reached XP level 4. HP: 13/25 MP: 4/4
  2441 | D:3      | Noticed Robin
  2511 | D:3      | Killed Robin
  2946 | D:3      | Reached skill level 4 in Evocations
  3083 | D:4      | Noticed a scorpion
  3163 | D:4      | Noticed an ogre
  3178 | D:4      | Mangled by an ogre

Illustrated notes

Levels and vault maps discovered:
D:1:      dpeg_arrival_rooms_c, layout_basic
D:2:      layout_loops_ring
D:3:      layout_basic, basic_ecumenical_altar, uniq_robin
D:4:      layout_cave_pools, saegor_snake_ambush, uniq_edmund

Skill      XL: |  1  2  3  4 |
---------------+-------------+-----
Evocations     | 3 4 |  4.0
Axes           | 1 2 |  2.6
Fighting       | |  1.1
Armour         | |  2.1
Dodging        | |  0.7
Stealth        | |  1.1

Action                   |  1- 3 |  4- 6 || total
-------------------------+-------+-------++-------
Melee: War axe           |   132 |    59 ||   191
       Club              |     4 |       ||     4
       Punch             |     1 |     1 ||     2
       Hand axe          |       |    16 ||    16
 Stab: Sleeping          |     4 |     2 ||     6
       Distracted        |     1 |     1 ||     2
Armor: Leather armour    |    41 |       ||    41
       Robe              |    35 |    39 ||    74
Dodge: Dodged            |   108 |    45 ||   153
Block: Other             |       |    15 ||    15

Table legend: (Time is in decaauts)
 A = Elapsed time spent in this place.
 B = Non-inter-level travel time spent in this place.
 C = Inter-level travel time spent in this place.
 D = Time resting spent in this place.
 E = Time spent auto-exploring this place.
 F = Levels seen in this place.
 G = Mean time per level.
                   A        B        C        D        E       F      G
               +--------+--------+--------+--------+--------+-----+--------+
         Total |   3262 |   3144 |    118 |    894 |   1560 |   4 |  815.5 |
       Dungeon |   3262 |   3144 |    118 |    894 |   1560 |   4 |  815.5 |
               +--------+--------+--------+--------+--------+-----+--------+

Top non-repeatable levels by time:
     D:2: 1265 daAuts
     D:3: 984 daAuts
     D:1: 953 daAuts
     D:4: 57 daAuts
